 Dungeon Crawl Stone Soup version 0.23.0 (webtiles) character file.

Game seed: 5588614044711612932

970 MalarOregon the Ducker (level 8, -1/60 HPs)
             Began as a Merfolk Summoner on Feb 14, 2019.
             Was a Believer of Okawaru.
             Slain by Prince Ribbit (16 damage)
             ... on level 6 of the Dungeon on Feb 15, 2019.
             The game lasted 00:20:12 (8542 turns).

MalarOregon the Ducker (Merfolk Summoner)           Turns: 8542, Time: 00:20:13

Health: -1/60      AC:  3    Str:  8    XL:     8   Next: 16%
Magic:  4/14       EV: 14    Int: 16    God:    Okawaru [**....]
Gold:   317        SH:  0    Dex: 15    Spells: 2/15 levels left

rFire    . . .     SeeInvis .   d - +3 short sword (venom)
rCold    . . .     Gourm    .   (no shield)
rNeg     . . .     Faith    .   u - +0 leather armour
rPois    .         Spirit   .   (no helmet)
rElec    .         Reflect  .   (no cloak)
rCorr    .         Harm     .   (no gloves)
MR       .....                  (no boots)
Stlth    ++........             (no amulet)
HPRegen  0.20/turn              (no ring)
MPRegen  0.14/turn              (no ring)

@: lightly drained
A: change form in water, swift swim, stealthy swim
a: Heroism, Renounce Religion


You were on level 6 of the Dungeon.
You worshipped Okawaru.
Okawaru was pleased with you.
You were hungry.

You visited 2 branches of the dungeon, and saw 7 of its levels.

You collected 317 gold pieces.

Inventory:

Hand Weapons
 d - a +3 short sword of venom (weapon)
   (You took it off an orc on level 3 of the Dungeon)
 g - a +2 mace of protection
   (You found it on level 5 of the Dungeon)
 o - a +0 whip of freezing
   (You took it off an orc on level 3 of the Dungeon)
 p - a +2 vampiric short sword {!w}
   (You took it off an orc priest on level 5 of the Dungeon)
 t - a +2 halberd of protection
   (You took it off a gnoll on level 5 of the Dungeon)
 w - a cursed +2 dagger of freezing
   (You took it off a wight on level 5 of the Dungeon)
Armour
 a - a cursed +0 cloak
   (You took it off Crazy Yiuf on level 5 of the Dungeon)
 u - a +0 leather armour (worn)
   (You took it off an orc on level 5 of the Dungeon)
Jewellery
 i - an uncursed ring of protection from magic {unknown}
   (You found it on level 2 of the Dungeon)
 r - an uncursed ring of flight {unknown}
   (You found it on level 4 of the Dungeon)
 s - a +1 ring of evasion {unknown}
   (You found it on level 5 of the Dungeon)
 x - an uncursed ring of see invisible {unknown}
   (You found it on level 6 of the Dungeon)
Wands
 v - a wand of digging (5)
   (You took it off a hobgoblin on level 3 of the Dungeon)
Scrolls
 b - 3 scrolls of teleportation {@r4}
 j - 2 scrolls of amnesia
 k - 8 scrolls of identify {unknown}
 l - 3 scrolls of enchant weapon
 n - 5 scrolls of remove curse {@r2}
Potions
 c - a potion of ambrosia {unknown}
 f - 2 potions of might
 h - a potion of haste {unknown}
 q - a potion of agility {unknown}
 z - a potion of mutation {unknown}
Comestibles
 e - 11 rations {!d}


   Skills:
 - Level 4.0(3.8) Fighting
 + Level 2.8(2.6) Armour
 + Level 5.9(5.6) Dodging
 - Level 2.1(1.9) Stealth
 + Level 4.1(3.9) Spellcasting
 + Level 5.6(5.4) Summonings
 + Level 0.8(0.6) Air Magic


You had 2 spell levels left.
You knew the following spells:

 Your Spells              Type           Power        Failure   Level  Hunger
c - Call Canine Familiar  Summ           ###.....     8%          3    ###....
d - Summon Ice Beast      Ice/Summ       ##......     61%         4    ####...
x - Call Imp              Summ           ###.....     3%          2    ##.....
z - Summon Lightning Spi  Summ/Air       ##......     56%         4    ####...

Your spell library contained the following spells:

 Spells                   Type           Power        Failure   Level  Hunger
 Summon Small Mammal      Summ           ###.         2%          1    None
 Summon Guardian Golem    Hex/Summ       ##......     24%         3    ###....


Dungeon Overview and Level Annotations

Branches:
Dungeon (6/15)             Temple (1/1) D:4

Altars:
Ashenzari
Cheibriados
Dithmenos
Elyvilon
Fedhas
Gozag
Hepliaklqana
Kikubaaqudgha
Makhleb
Nemelex Xobeh
Okawaru
Qazlal
Ru
Sif Muna
Trog
Uskayaw
Vehumet
Wu Jian
Xom
Yredelemnul
Zin
The Shining One

Annotations:
D:6 Edmund, Eustachio, Prince Ribbit


Message History

Your crimson imp hits Prince Ribbit.
Your crimson imp barely misses Prince Ribbit.
Prince Ribbit closely misses you.
Prince Ribbit blinks!
A beastly little devil appears in a puff of flame.
Your crimson imp blinks!
Prince Ribbit barely misses your crimson imp.
Your crimson imp closely misses Prince Ribbit.
Prince Ribbit hits your crimson imp.
Prince Ribbit barely misses your crimson imp.
Your crimson imp hits Prince Ribbit.
A metallic apparition takes form in the air.
Prince Ribbit completely misses your crimson imp.
Your crimson imp misses Prince Ribbit.
Prince Ribbit hits your crimson imp.
Prince Ribbit hits your crimson imp but does no damage.
Your crimson imp hits Prince Ribbit.
Prince Ribbit closely misses your crimson imp.
Your crimson imp hits Prince Ribbit.
Prince Ribbit barely misses your crimson imp.
Your crimson imp barely misses Prince Ribbit.
Prince Ribbit closely misses your crimson imp.
Your crimson imp blinks!
Prince Ribbit hits your iron imp.
You swap places.
Prince Ribbit completely misses your iron imp.
Your iron imp misses Prince Ribbit.
Prince Ribbit sighs, "It's not easy being green!"
Prince Ribbit hits your iron imp!!
Your iron imp dies!
A beastly little devil appears in a puff of frigid air.
Your crimson imp blinks!
Your crimson imp misses Prince Ribbit.
Prince Ribbit barely misses you.
Your white imp gestures at Prince Ribbit.
The puff of frost hits Prince Ribbit.
Your white imp gestures at Prince Ribbit.
The puff of frost hits Prince Ribbit!
A beastly little devil appears in a puff of flame.
Prince Ribbit hops awkwardly around.
Prince Ribbit blinks!
Your crimson imp disappears in a puff of smoke!
You swap places.
Your crimson imp closely misses Prince Ribbit.
Prince Ribbit catches a baby bat with his tongue.
Your white imp closely misses Prince Ribbit.
Prince Ribbit blinks!
Your crimson imp blinks!
Prince Ribbit hits you!
You die...

...# #.# #..# .### #.#
#..# .## ####.# #..# ..#
##.##.# #..# ..# ##.#.#.#
#..# ..# ##.###..# #..#
..####.#####.## #§.#
..........##..###F.##
#.####.##..5.§.5@...#
#.......>)..######..#
########.#..#.......#
##.#.#.#####.#######******
###.#...%........(.,,,,,*
*#.#.#.###.###.###***#.#
*..,,*,* #.# *,* #.#
##..#.#.#*#.# *,* #.#
#........,#.# *,* #.#


You could see Prince Ribbit, a friendly crimson imp and a friendly white imp.

Vanquished Creatures
  A centaur (D:6)
  A bullfrog (D:4)
  4 scorpions
  2 wights (D:6)
  2 orc priests
  A hound (D:5)
  An orc wizard (D:5)
  3 gnolls
  4 adders
  A shadow imp (D:5)
  An ooze (D:5)
  An adder zombie (D:6)
  An adder skeleton (D:4)
  2 dart slugs (D:1)
  A leopard gecko (D:6)
  5 orcs
  2 ball pythons
  7 bats
  3 giant cockroaches
  4 goblins
  2 hobgoblins
  14 jackals
  3 kobolds
  2 quokkas (D:4)
  2 frilled lizards
  A jackal skeleton (D:5)
  A leopard gecko skeleton (D:5)
  2 rats
74 creatures vanquished.

Vanquished Creatures (collateral kills)
  Sigmund (D:6)
  2 wights
  A howler monkey (D:5)
  An orc wizard (D:6)
  A bullfrog skeleton (D:5)
  An orc priest (D:5)
  Crazy Yiuf (D:5)
  5 gnolls
  An adder (D:3)
  3 worms
  3 dart slugs
  A leopard gecko (D:2)
  8 orcs
  A giant cockroach (D:5)
  6 hobgoblins
  4 jackals
  2 quokkas
  2 bats
  3 frilled lizards
  5 goblins
  A rat (D:1)
53 creatures vanquished.

Grand Total: 127 creatures vanquished

Notes
Turn   | Place    | Note
-------+----------+-------------------------------------------
     0 | D:1      | MalarOregon the Merfolk Summoner began the quest for the
                  | Orb.
     0 | D:1      | Reached XP level 1. HP: 13/13 MP: 3/3
   493 | D:1      | Reached XP level 2. HP: 16/20 MP: 0/5
   826 | D:1      | Reached skill level 1 in Fighting
   853 | D:1      | Reached XP level 3. HP: 12/26 MP: 1/6
  1086 | D:1      | Learned a level 2 spell: Call Imp
  1775 | D:2      | Found a glowing golden altar of the Shining One.
  1797 | D:2      | Found a burning altar of Makhleb.
  1797 | D:2      | Found a radiant altar of Vehumet.
  2681 | D:3      | Reached XP level 4. HP: 13/32 MP: 3/7
  2693 | D:3      | Reached skill level 1 in Armour
  3076 | D:2      | HP: 1/32 [jackal (3)]
  4279 | D:4      | Found a staircase to the Ecumenical Temple.
  4281 | D:4      | Reached XP level 5. HP: 29/38 MP: 9/9
  4359 | Temple   | Entered the Ecumenical Temple
  4537 | Temple   | Became a worshipper of Warmaster Okawaru
  4578 | D:4      | Found a sacrificial altar of Ru.
  5289 | D:5      | Entered Level 5 of the Dungeon
  5419 | D:5      | Reached XP level 6. HP: 37/46 MP: 10/10
  5451 | D:5      | Found a runed translucent door.
  5452 | D:5      | Noticed Crazy Yiuf
  5573 | D:5      | Reached skill level 5 in Summonings
  5994 | D:5      | Reached XP level 7. HP: 32/52 MP: 8/12
  6594 | D:5      | Found an ornate altar of the Wu Jian Council.
  6594 | D:5      | Found a sparkling altar of Nemelex Xobeh.
  6703 | D:5      | Reached skill level 5 in Dodging
  7195 | D:5      | Killed Crazy Yiuf
  7356 | D:6      | Reached * piety under Okawaru
  7528 | D:6      | Noticed Eustachio
  7531 | D:6      | Noticed Edmund
  7714 | D:6      | Noticed Sigmund
  7724 | D:6      | Killed Sigmund
  7994 | D:6      | Learned a level 3 spell: Call Canine Familiar
  7999 | D:6      | Learned a level 4 spell: Summon Ice Beast
  8005 | D:6      | Learned a level 4 spell: Summon Lightning Spire
  8076 | D:6      | Reached XP level 8. HP: 27/60 MP: 8/14
  8250 | D:6      | Found a glowing silver altar of Zin.
  8263 | D:6      | Reached ** piety under Okawaru
  8506 | D:6      | Noticed Prince Ribbit
  8542 | D:6      | Slain by Prince Ribbit

Skill      XL: |  1  2  3  4  5  6  7  8 |
---------------+-------------------------+-----
Dodging        | 3 4 5 |  5.9
Fighting       | 1 2 3 4 |  4.0
Armour         | 1 2 |  2.8
Spellcasting   | 3 4 |  4.1
Summonings     | 5 |  5.6
Stealth        | |  2.1
Air Magic      | |  0.8

Action                   |  1- 3 |  4- 6 |  7- 9 || total
-------------------------+-------+-------+-------++-------
Melee: Dagger            |   130 |       |       ||   130
       Whip              |       |    47 |       ||    47
       Short sword       |       |    96 |    70 ||   166
       Halberd           |       |       |    14 ||    14
 Cast: Summon Small Mamm |    25 |       |       ||    25
       Call Imp          |    14 |    24 |    32 ||    70
       Call Canine Famil |       |       |     6 ||     6
  Use: Potion            |       |     2 |     2 ||     4
       Scroll            |       |       |     7 ||     7
 Stab: Distracted        |     1 |     2 |       ||     3
       Sleeping          |     8 |     6 |     1 ||    15
  Eat: Chunk             |     7 |     9 |     9 ||    25
       Ration            |       |     1 |       ||     1
Armor: Robe              |    16 |    31 |     3 ||    50
       Leather armour    |       |       |     2 ||     2
Dodge: Dodged            |   115 |   153 |    84 ||   352
